 Dungeon Crawl Stone Soup version 0.21-a0-349-g0c35859 (webtiles) character file.

262150 nikopol the Executioner (level 19, -2/183 HPs)
             Began as a Minotaur Berserker on Oct 8, 2017.
             Was the Champion of Trog.
             Slain by an orc knight
             ... wielding a +0 war axe
             ... summoned by a glowing orange brain
              (10 damage)
             ... on level 2 of the Vaults.
             The game lasted 02:42:35 (45338 turns).

nikopol the Executioner (Minotaur Berserker)       Turns: 45338, Time: 02:42:36

Health: -2/183     AC: 21    Str: 24    XL:     19   Next: 21%
Magic:  0/18       EV: 18    Int: -1 (4) God:    Trog [******]
Gold:   3046       SH:  4    Dex: 16    Spells: 18/18 levels left

rFire    . . .     SeeInvis .   a - +10 executioner's axe of Guilt {chop, Stlth+}
rCold    . . .     Gourm    .   (shield currently unavailable)
rNeg     . . .     Faith    .   E - +3 chain mail {rPois}
rPois    +         Spirit   +   (helmet restricted)
rElec    .         Reflect  +   D - scarf {Spirit}
rCorr    .         Harm     .   b - +1 pair of gloves
MR       ++...                  S - +1 pair of boots
Stlth    +.........             F - +4 amulet of reflection
HPRegen  0.40/turn              T - ring of protection from magic
MPRegen  0.16/turn              Q - +4 ring of evasion

@: marked, slowed, lost intelligence, very slow
A: retaliatory headbutt, horns 2
}: 2/15 runes: decaying, gossamer
a: Berserk, Trog's Hand, Brothers in Arms, Burn Spellbooks, Renounce Religion


You were on level 2 of the Vaults.
You worshipped Trog.
Trog was exalted by your worship.
You were not hungry.

You visited 6 branches of the dungeon, and saw 33 of its levels.

You collected 3121 gold pieces.
You spent 75 gold pieces at shops.

Inventory:

Hand Weapons
 a - the +10 executioner's axe of Guilt (weapon) {chop, Stlth+}
   (Trog gifted it to you on level 3 of the Swamp)

   It inflicts extra damage upon your enemies.
   It makes you more stealthy.
 k - the +5 battleaxe "Pooruyqo" {flame, MR++ Str+6}
   (Trog gifted it to you on level 7 of the Dungeon)

   It has been specially enchanted to burn those struck by it, causing extra
   injury to most foes and up to half again as much damage against particularly
   susceptible opponents.
   Big, fiery blades are also staple armaments of hydra-hunters.
   It affects your strength (+6).
   It affects your resistance to hostile enchantments.
 z - a +9 longbow of velocity
Missiles
 o - 273 arrows
Armour
 b - a +1 pair of gloves (worn)
 f - a +2 chain mail of positive energy
 g - a +1 chain mail of poison resistance
 D - a scarf of spirit shield (worn)
 E - a +3 chain mail of poison resistance (worn)
 S - a +1 pair of boots (worn)
Jewellery
 p - the ring "Xise" {+Inv Dex+6 Stlth-, unknown}
   (You found it on level 1 of the Vaults)

   [ring of loudness]

   It affects your dexterity (+6).
   It lets you turn invisible.
   It makes you less stealthy.
 q - an uncursed ring of protection from cold
 u - an uncursed ring of protection from cold
 F - a +4 amulet of reflection (around neck)
 Q - a +4 ring of evasion (right hand)
 T - a ring of protection from magic (left hand)
Wands
 n - a wand of confusion (17/48)
 s - a wand of iceblast (6/15)
 J - a wand of paralysis (13/24)
 L - a wand of digging (16/24)
Scrolls
 d - 5 scrolls of recharging
 h - 5 scrolls of enchant weapon
 i - 15 scrolls of remove curse
 m - 2 scrolls of magic mapping
 r - 3 scrolls of identify
 t - 7 scrolls of fear
 y - 4 scrolls of enchant armour
 B - 9 scrolls of teleportation
 H - 6 scrolls of fog
 I - a scroll of brand weapon
 W - a scroll of summoning
Potions
 e - 6 potions of haste
 j - 7 potions of heal wounds
 l - 8 potions of curing
 w - 3 potions of agility
 x - 4 potions of ambrosia
 C - 6 potions of brilliance
 G - 5 potions of flight
 K - a potion of berserk rage
 M - 3 potions of mutation
 P - 2 potions of magic
 V - 2 potions of invisibility
 X - 5 potions of might
Comestibles
 c - 16 bread rations
 v - 11 meat rations
 N - 14 fruits
 O - 26 royal jellies


   Skills:
 + Level 19.3 Fighting
 + Level 22.4 Axes
 + Level 19.2 Bows
 + Level 13.8 Armour
 + Level 9.1 Dodging
 + Level 4.0 Stealth
 + Level 0.1 Evocations


You had 18 spell levels left.
You didn't know any spells.

Dungeon Overview and Level Annotations

Branches:
Dungeon (15/15)            Temple (0/1) D:4            Lair (6/6) D:10
  Swamp (4/4) Lair:4       Spider (4/4) Lair:2        Slime (0/5) Lair:5
    Orc (2/2) D:9             Elf (0/3) Orc:2        Vaults (2/5) D:14
 Depths (0/5) D:15
  Crypt: Vaults:2-3

Altars:
Ashenzari
Dithmenos
Elyvilon
Fedhas
Gozag
Hepliaklqana
Nemelex Xobeh
Qazlal
Ru
Sif Muna
Trog
Uskayaw
Vehumet
Wu Jian
Yredelemnul
Zin
Beogh
Jiyva

Shops:
D:4 **   D:6 :   D:7 *   D:12 *   D:13 (   Orc:2 =*[(   Vaults:1 }[


Innate Abilities, Weirdness & Mutations

You reflexively headbutt those who attack you in melee.
You have a pair of horns on your head.


Message History

Trog accepts your kill.
You slice the sphinx!! You closely miss the purple ugly thing.
You slice something!!
The purple ugly thing closely misses you.
You furiously retaliate!
You headbutt the purple ugly thing!
The vault sentinel blows a loud note on a signal horn!
You block the sphinx's attack. The sphinx barely misses you.
The sphinx closely misses you. Something hits you but does no damage.
The purple ugly thing completely misses you.
You furiously retaliate!
You headbutt the purple ugly thing.
You hear a deafening roar!
You barely miss the purple ugly thing.
Your headbutt misses the purple ugly thing.
The purple ugly thing is severely wounded.
You hit something. You slash the orc knight! You slice the sphinx!!
You kill the sphinx!
Trog accepts your kill.
Trog appreciates your killing of a magic user.
The orc knight hits you with a war axe!
You die... #(....(...# #..G..G... #ooo..... ### #Ouc{O.p. .. #uJpoOuO. # #pppOOg..

#cOo.p...
#ooC.....
D....
#@u......
#....
#..o.....
...(.
#........
#>...
#........
.#.#.
#........
#.#.#
#........
.#...
#........
#........


You could see a stone giant, a vault warden, a vault guard, an orc knight, a
great orb of eyes, 4 ugly things, a large slime creature, a glowing orange
brain, 5 two-headed ogres, an ogre mage, 3 vault sentinels, an ironbrand
convoker, 2 yaktaurs, an orc warrior, an ogre, a boggart, an orc wizard and 5
orcs.

Vanquished Creatures
  Bai Suzhen (Spider:3)
  Nikola (Spider:1)
  The ghost of Dominolapin the Peltast, an adept HuAM of Wu Jian (Vaults:2)
  Kirke (Lair:4)
  2 sphinxes (Vaults:2)
  Donald (Spider:2)
  A thorn hunter (Swamp:4)
  3 ghost moths (Spider:4)
  Louise (Swamp:4)
  2 orc warlords
  4 vault wardens
  5 emperor scorpions
  A very ugly thing (Swamp:3)
  4 ironheart preservers
  A stone giant (Vaults:2)
  2 entropy weavers
  Azrael (D:14)
  Nessos (Lair:6)
  4 spark wasps
  A fire dragon (Vaults:1)
  4 yaktaur captains
  A great orb of eyes (Vaults:2)
  Erolcha (D:10)
  2 rakshasas (Vaults:1)
  Harold (D:10)
  2 ice dragons (Vaults:1)
  21 hydras
  2 catoblepae
  6 centaur warriors
  4 ogre magi
  4 vault guards
  Erica (D:11)
  A death knight (D:14)
  15 two-headed ogres
  7 dancing weapons (Spider:3)
  7 alligators
  A vampire mage (D:15)
  13 death yaks
  4 orc high priests (Orc:2)
  A tengu warrior (D:15)
  Nergalle (Lair:4)
  A deep elf knight (Vaults:2)
  Sonja (Lair:3)
  The ghost of Dominolapin the Charlatan, a novice HuAr of Lugonu (D:8)
  The ghost of anet the Vexing, a novice DEWz of Ashenzari (D:10)
  A fire crab (shapeshifter) (D:14)
  7 swamp dragons
  2 skeletal warriors (D:15)
  5 unseen horrors
  A wizard (D:13)
  A necromancer (D:15)
  7 orc knights
  22 orb spiders
  3 ironbrand convokers
  A shambling mangrove (Swamp:4)
  A cyclops (shapeshifter) (Vaults:2)
  6 orc sorcerers (Orc:2)
  33 ugly things
  4 cyclopes
  2 manticores
  2 moths of wrath
  26 wolf spiders
  3 centaur zombies
  9 elephants
  Joseph (D:10)
  4 black mambas
  6 vault sentinels
  29 spiny frogs
  A torpor snail (Spider:3)
  A gargoyle (D:11)
  A fire giant skeleton (D:15)
  A spriggan skeleton (D:15)
  12 demonic crawlers
  A spriggan zombie (D:15)
  2 kobold demonologists (D:14)
  A komodo dragon (shapeshifter) (Vaults:2)
  15 yaktaurs
  2 rime drakes
  6 komodo dragons
  4 trolls
  24 jumping spiders
  2 polar bears
  A queen bee (Lair:2)
  19 hornets
  9 bog bodies
  29 slime creatures
  9 tyrant leeches
  A fire dragon zombie (D:15)
  4 hippogriffs
  22 dream sheep
  15 blink frogs (Lair:6)
  A frost giant simulacrum (Vaults:1)
  A centaur simulacrum (D:15)
  4 spriggans
  A tarantella (shapeshifter) (D:13)
  3 wraiths
  78 redbacks
  38 tarantellas
  3 shadows
  2 fire elementals (D:14)
  45 yaks
  2 wyverns
  2 hogs (Lair:4)
  5 hungry ghosts
  A yaktaur simulacrum (Vaults:1)
  12 vampire mosquitoes
  2 wargs (D:10)
  A soldier ant (shapeshifter) (D:15)
  4 insubstantial wisps (Swamp:1)
  20 swamp worms
  4 soldier ants
  11 water moccasins
  4 acid dragons
  3 hell hounds (D:14)
  6 porcupines
  15 swamp drakes
  42 orc warriors
  9 ice beasts
  A black bear (Lair:2)
  An eye of draining (shapeshifter) (Vaults:1)
  2 phantoms
  A hornet zombie (D:12)
  5 sky beasts
  An eye of draining (D:15)
  A necrophage (D:8)
  4 boggarts
  25 ogres
  7 centaurs
  11 crocodiles
  The ghost of p0werm0de the Skirmisher, an amateur GrCK of Xom (D:3)
  2 big kobolds
  29 bullfrogs
  A gnoll sergeant (D:11)
  A wyvern zombie (D:10)
  5 scorpions
  34 killer bees
  A troll zombie (Swamp:3)
  13 wights
  8 electric eels
  A troll skeleton (Swamp:3)
  6 crimson imps
  A bullfrog zombie (D:6)
  3 jellies
  2 human simulacra (Vaults:2)
  A quasit (D:11)
  36 orc priests
  6 hounds
  4 centaur skeletons
  A bullfrog skeleton (D:5)
  Crazy Yiuf (D:2)
  3 iguanas
  33 orc wizards
  12 worker ants
  3 hound skeletons
  2 worker ant zombies
  A howler monkey zombie (D:8)
  13 gnolls
  21 adders
  5 shadow imps
  An ooze (D:2)
  2 adder skeletons
  2 worms (D:2)
  2 dart slugs
  5 leopard geckos
  123 orcs
  A ball python (D:7)
  3 giant cockroaches
  10 goblins
  7 hobgoblins
  9 jackals
  6 quokkas
  4 bats
  6 frilled lizards
  28 kobolds
  2 leopard gecko skeletons
  10 rats
  4 fungi
  14 plants
  A withered plant (D:14)
1367 creatures vanquished.

Vanquished Creatures (collateral kills)
  3 hydras
  A vault guard (D:14)
  A swamp dragon (Swamp:4)
  A wolf spider (Spider:1)
  2 orb spiders (Spider:1)
  4 ugly things (D:14)
  3 slime creatures (Vaults:2)
  A centaur zombie (D:14)
  2 hornets
  3 redbacks (Spider:1)
  2 hell hounds (D:14)
  An orc warrior (Orc:2)
  A big kobold (D:14)
  A wyvern skeleton (D:14)
  3 killer bees (Lair:2)
  3 orc priests (Orc:2)
  An orc wizard (Orc:2)
  An orc (Orc:2)
34 creatures vanquished.

Vanquished Creatures (others)
  A centaur warrior (D:14)
  A redback (Spider:1)
  A meliai zombie (D:14)
  A human (Lair:4)
  A boggart (Vaults:1)
  2 bushes (Lair:6)
  24 fungi
  27 plants
  4 withered plants
62 creatures vanquished.

Grand Total: 1463 creatures vanquished

Notes
Turn   | Place    | Note
-------+----------+-------------------------------------------
     0 | D:1      | nikopol the Minotaur Berserker began the quest for the Orb.
     0 | D:1      | Reached XP level 1. HP: 19/19 MP: 0/0
   428 | D:1      | Reached XP level 2. HP: 27/27 MP: 1/1
   437 | D:1      | Reached skill level 4 in Axes
   522 | D:1      | Reached ** piety under Trog
   826 | D:1      | Reached XP level 3. HP: 33/33 MP: 2/2
  1116 | D:2      | Found a shadowy altar of Dithmenos.
  1372 | D:2      | Reached XP level 4. HP: 37/41 MP: 3/3
  1553 | D:2      | Found a runed door.
  1557 | D:2      | Noticed Crazy Yiuf
  1561 | D:2      | Killed Crazy Yiuf
  1561 | D:2      | Reached skill level 5 in Axes
  1842 | D:3      | Found a white marble altar of Elyvilon.
  1842 | D:3      | Found a hide-covered altar of Uskayaw.
  1944 | D:3      | Reached XP level 5. HP: 39/47 MP: 4/4
  1948 | D:3      | Reached *** piety under Trog
  2356 | D:3      | Reached skill level 6 in Axes
  2378 | D:3      | Noticed p0werm0de's ghost (amateur GrCK)
  2385 | D:3      | Killed p0werm0de's ghost
  2385 | D:3      | Reached skill level 5 in Fighting
  2385 | D:3      | Reached XP level 6. HP: 44/56 MP: 5/5
  2878 | D:4      | Reached skill level 7 in Axes
  2912 | D:4      | Found Zin's Purification Station.
  2917 | D:4      | Found a glowing silver altar of Zin.
  2928 | D:4      | Reached XP level 7. HP: 50/61 MP: 6/6
  3062 | D:4      | Found Rompafuq's Assorted Antiques.
  3174 | D:4      | Found a staircase to the Ecumenical Temple.
  3534 | D:4      | Reached **** piety under Trog
  3748 | D:5      | Entered Level 5 of the Dungeon
  3781 | D:5      | Reached skill level 5 in Armour
  3896 | D:5      | Found a radiant altar of Vehumet.
  3947 | D:5      | Reached skill level 8 in Axes
  4182 | D:5      | Found a sacrificial altar of Ru.
  4188 | D:5      | Found a shattered altar of Ashenzari.
  4189 | D:5      | Found a bloodstained altar of Trog.
  4190 | D:5      | Found a blossoming altar of Fedhas.
  4190 | D:5      | Found an ornate altar of the Wu Jian Council.
  4190 | D:5      | Found a hazy altar of Hepliaklqana.
  4191 | D:5      | Found an opulent altar of Gozag.
  4192 | D:5      | Found a stormy altar of Qazlal.
  4195 | D:5      | Found a deep blue altar of Sif Muna.
  4357 | D:6      | Reached XP level 8. HP: 70/70 MP: 7/7
  4366 | D:6      | Reached skill level 1 in Stealth
  4372 | D:6      | Reached skill level 9 in Axes
  4659 | D:6      | Found Ereiwag's Book Shop.
  4697 | D:6      | Reached skill level 10 in Axes
  4942 | D:6      | Reached XP level 9. HP: 79/79 MP: 8/8
  5426 | D:7      | Reached skill level 11 in Axes
  5431 | D:7      | Found Unocs's General Store.
  5445 | D:7      | Reached ***** piety under Trog
  5782 | D:7      | Received a gift from Trog
  5807 | D:7      | Got a crude battleaxe {god gift}
  5808 | D:7      | Identified the +5 battleaxe "Pooruyqo" {flame, MR++ Str+6} (Trog gifted it to you on level 7 of the Dungeon)
  6168 | D:8      | Reached skill level 5 in Dodging
  6308 | D:8      | Noticed Dominolapin's ghost (novice HuAr)
  6318 | D:8      | Killed Dominolapin's ghost
  6318 | D:8      | Reached skill level 12 in Axes
  6353 | D:8      | Reached XP level 10. HP: 62/88 MP: 9/9
  6765 | D:8      | Reached skill level 1 in Bows
  7441 | D:9      | Reached skill level 13 in Axes
  8014 | D:9      | Received a gift from Trog
  8066 | D:9      | Found a sparkling altar of Nemelex Xobeh.
  8267 | D:9      | You fall through a shaft for 2 floors!
  8312 | D:11     | Noticed a manticore
  8319 | D:11     | Killed a manticore
  8381 | D:11     | Noticed a gargoyle
  8388 | D:11     | Killed a gargoyle
  8389 | D:11     | Noticed Erica
  8399 | D:11     | Killed Erica
  8399 | D:11     | Reached skill level 5 in Bows
  8661 | D:11     | Reached XP level 11. HP: 88/97 MP: 10/10
  8849 | D:11     | Noticed a two-headed ogre
  8856 | D:11     | Killed a two-headed ogre
  8856 | D:11     | Reached skill level 14 in Axes
  8902 | D:11     | Noticed a brown ugly thing
  8911 | D:11     | Killed a brown ugly thing
  9270 | D:10     | Entered Level 10 of the Dungeon
  9272 | D:10     | Noticed a two-headed ogre
  9277 | D:10     | Killed a two-headed ogre
  9277 | D:10     | Reached skill level 10 in Fighting
  9278 | D:10     | Noticed a two-headed ogre
  9284 | D:10     | Killed a two-headed ogre
  9506 | D:10     | Noticed anet's ghost (novice DEWz)
  9518 | D:10     | Killed anet's ghost
  9766 | D:10     | Found a staircase to the Lair.
  9837 | D:10     | Noticed Joseph
  9846 | D:10     | Killed Joseph
 10113 | D:10     | Noticed Harold
 10136 | D:10     | Killed Harold
 10195 | D:10     | Noticed Erolcha
 10316 | D:10     | Killed an unseen horror
 10357 | D:9      | Found a staircase to the Orcish Mines.
 10366 | D:9      | Found a roughly hewn altar of Beogh.
 10616 | D:10     | Killed Erolcha
 10635 | D:10     | Received a gift from Trog
 10841 | D:10     | Found an ornate altar of the Wu Jian Council.
 11021 | D:11     | Reached skill level 15 in Axes
 11025 | D:11     | Reached XP level 12. HP: 102/108 MP: 11/11
 11257 | D:11     | Got a twisted flail
 11267 | D:11     | Identified the +6 flail of the Depths {antimagic, Str+4} (You found it on level 11 of the Dungeon)
 12037 | D:12     | Noticed a two-headed ogre
 12044 | D:12     | Killed a two-headed ogre
 12218 | D:12     | Found Oruvion's Assorted Antiques.
 12535 | D:13     | Noticed a two-headed ogre
 12542 | D:13     | Killed a two-headed ogre
 12634 | Lair:1   | Entered Level 1 of the Lair of Beasts
 12645 | Lair:1   | Reached skill level 10 in Bows
 13845 | Lair:2   | Found a hole to the Spider Nest.
 13884 | Lair:2   | Noticed a six-headed hydra
 13891 | Lair:2   | Killed a six-headed hydra
 14060 | Lair:2   | Received a gift from Trog
 15316 | Lair:3   | Reached XP level 13. HP: 114/117 MP: 12/12
 15524 | Lair:3   | Noticed Sonja
 15536 | Lair:3   | Killed Sonja
 15892 | Lair:3   | Found a dark tunnel.
 16091 | Lair:3   | Received a gift from Trog
 16319 | Lair:4   | Noticed Nergalle
 16335 | Lair:4   | Killed Nergalle
 16335 | Lair:4   | Reached skill level 16 in Axes
 17161 | Lair:4   | Found a staircase to the Swamp.
 17491 | Lair:4   | Noticed Kirke
 17502 | Lair:4   | Killed Kirke
 18280 | Lair:5   | Reached ****** piety under Trog
 18286 | Lair:5   | Reached skill level 17 in Axes
 18286 | Lair:5   | Reached XP level 14. HP: 39/129 MP: 13/13
 18687 | Lair:5   | Found the +8 orange crystal plate armour {Archmagi, Int+3 Clar}
 19378 | Lair:5   | Found a viscous altar of Jiyva.
 19385 | Lair:5   | Found a staircase to the Slime Pits.
 19688 | Lair:5   | Found an opulent altar of Gozag.
 19931 | Lair:6   | Entered Level 6 of the Lair of Beasts
 19958 | Lair:6   | Received a gift from Trog
 19965 | Lair:5   | Reached skill level 10 in Armour
 20686 | Lair:5   | Received a gift from Trog
 22413 | Lair:6   | Noticed Nessos
 22423 | Lair:6   | Killed Nessos
 23138 | Orc:1    | Entered Level 1 of the Orcish Mines
 23219 | Orc:2    | Entered Level 2 of the Orcish Mines
 23219 | Orc:2    | Found a staircase to the Elven Halls.
 23293 | Orc:2    | Received a gift from Trog
 23337 | Orc:2    | Reached skill level 18 in Axes
 23434 | Orc:2    | Noticed an orc warlord
 23440 | Orc:2    | Killed an orc warlord
 23456 | Orc:2    | Reached XP level 15. HP: 118/139 MP: 12/14
 23465 | Orc:2    | Received a gift from Trog
 23915 | Orc:2    | Received a gift from Trog
 24259 | Orc:2    | Found Jehia's General Store.
 24260 | Orc:2    | Found Zumonus's Jewellery Shop.
 24261 | Orc:2    | Found Foeh's Antique Armour Shop.
 24261 | Orc:2    | Found Imurho's Antique Weapon Boutique.
 24275 | Orc:2    | Bought a potion of heal wounds for 75 gold pieces
 24631 | Orc:2    | Noticed an orc warlord
 24931 | Orc:2    | Received a gift from Trog
 25473 | Orc:1    | Killed an orc warlord
 26730 | D:13     | Found Iskulaci's Antique Weapon Emporium.
 26759 | D:14     | Reached skill level 15 in Fighting
 26778 | D:14     | Reached skill level 15 in Bows
 26822 | D:14     | Noticed Azrael
 26832 | D:14     | Killed Azrael
 26953 | D:14     | Received a gift from Trog
 27694 | D:14     | Found a basalt altar of Yredelemnul.
 27915 | D:14     | Found a gate to the Vaults.
 28034 | D:14     | Received a gift from Trog
 28584 | D:15     | Entered Level 15 of the Dungeon
 28886 | D:15     | Found a shattered altar of Ashenzari.
 29192 | D:15     | Found a staircase to the Depths.
 29210 | D:15     | Reached XP level 16. HP: 137/151 MP: 15/15
 30036 | Swamp:1  | Entered Level 1 of the Swamp
 30153 | Swamp:1  | Reached skill level 19 in Axes
 30320 | Swamp:1  | Received a gift from Trog
 30324 | Swamp:1  | Got an ichor-stained executioner's axe {god gift}
 30325 | Swamp:1  | Identified the +4 executioner's axe "Joush" {vamp, rC+ Dex+2 Stlth+} (Trog gifted it to you on level 1 of the Swamp)
 31163 | Swamp:2  | Identified a scroll of acquirement
 31164 | Swamp:2  | Got a spiked buckler
 32211 | Swamp:3  | Received a gift from Trog
 32414 | Swamp:3  | Got an ichor-stained executioner's axe {god gift}
 32415 | Swamp:3  | Identified the +10 executioner's axe of Guilt {chop, Stlth+} (Trog gifted it to you on level 3 of the Swamp)
 33173 | Swamp:4  | Entered Level 4 of the Swamp
 33193 | Swamp:4  | Noticed Louise
 33206 | Swamp:4  | Killed Louise
 33846 | Swamp:4  | Paralysed by a hornet for 2 turns
 34129 | Swamp:4  | Noticed a thorn hunter
 34135 | Swamp:4  | Killed a thorn hunter
 34531 | Swamp:4  | Got a decaying rune of Zot
 34816 | Spider:1 | Entered Level 1 of the Spider Nest
 34827 | Lair:2   | Received a gift from Trog
 35028 | Spider:1 | Reached XP level 17. HP: 131/160 MP: 14/16
 35535 | Spider:1 | Received a gift from Trog
 35580 | Spider:1 | Noticed Nikola
 35599 | Spider:1 | Killed Nikola
 36380 | Spider:2 | Received a gift from Trog
 36446 | Spider:2 | Reached skill level 20 in Axes
 36559 | Spider:2 | Noticed Donald
 36566 | Spider:2 | Killed Donald
 37661 | Spider:3 | Received a gift from Trog
 37965 | Spider:3 | Found a runed door.
 38637 | Spider:3 | Noticed Bai Suzhen
 38651 | Spider:3 | Killed Bai Suzhen
 38946 | Spider:4 | Entered Level 4 of the Spider Nest
 38997 | Spider:4 | Received a gift from Trog
 39341 | Spider:4 | Reached XP level 18. HP: 171/171 MP: 17/17
 39482 | Spider:4 | Reached skill level 21 in Axes
 40419 | Spider:4 | Received a gift from Trog
 41469 | Spider:4 | Got a gossamer rune of Zot
 41742 | Vaults:1 | Entered Level 1 of the Vaults
 41784 | Vaults:1 | Got a translucent iron ring
 42262 | Vaults:1 | Found Juakkipo's Gadget Boutique.
 43225 | Vaults:1 | Received a gift from Trog
 43271 | Vaults:1 | Found Abyuneabue's Armour Emporium.
 43731 | Vaults:2 | Received a gift from Trog
 44268 | Vaults:2 | Noticed Dominolapin's ghost (adept HuAM)
 44287 | Vaults:2 | Killed Dominolapin's ghost
 44538 | Vaults:2 | Reached skill level 22 in Axes
 44797 | Vaults:2 | Reached XP level 19. HP: 176/182 MP: 18/18
 45263 | Vaults:2 | Received a gift from Trog
 45264 | Vaults:2 | Found the +8 frozen axe "Frostbite" {freezing cloud, *Noise +Fly rC+}
 45329 | Vaults:2 | Lost intelligence.
 45336 | Vaults:2 | HP: 9/183 [sphinx (4)]
 45338 | Vaults:2 | Slain by an orc knight

Vault maps used:
D:1:      minmay_arrival_up_and_down, serial_bayou, serial_bayou_pond_b,
          serial_bayou_pond_d, serial_bayou_crossing, serial_bayou_pond_e
D:2:      nicolae_overflow_crystal_walls, uniq_crazy_yiuf_cottage
D:3:      amethyst_overflow_temple_binary
D:4:      zin_purify, minmay_temple_entry_hall, serial_shops,
          nicolae_shop_overgrown_old_shop
D:5:      minitemple, first_bread, vehumet_altar_wand_db
D:6:      serial_shops, shop
D:7:      serial_shops, shop
D:8:      special_room
D:9:      minmay_orc_entry_temple_small, basic_altar, hangedman_pestilent_swarm
D:10:     erik_lair_orcish_takeover, basic_altar, uniq_harold, uniq_erolcha,
          uniq_joseph
D:11:     uniq_erica
D:12:     serial_shops, shop_fountains
D:13:     serial_shops, kennysheep_mini
D:14:     lightli_vaults_fourway_checkpoint, yredelemnul_altar_generic,
          uniq_azrael
D:15:     gammafunk_depths_entry_grave, nicolae_ashenzari_panopticon
Lair:2:   dummy_spider_entry, special_room
Lair:3:   enter_volcano_2, minivault_19, hibernation_bobbens, uniq_sonja
Lair:4:   nicolae_swamp_entry_splash_gauntlet, serial_bayou_shore_a,
          grunt_megastairs_5, uniq_kirke, uniq_nergalle
Lair:5:   beast_lair_carwin_large_4, slime_altar_1, basic_altar,
          grunt_megastairs_3, serial_bayou_shore_b, serial_bayou_shore_b
Lair:6:   minmay_lair_end_frog_pond, uniq_nessos
Swamp:1:  hangedman_swamp_blocks
Swamp:2:  nicolae_swamp_fairy_circle
Swamp:3:  evilmike_swamp_ruin_house_4, swamp_pool1, cheibrodos_swamp_minitomb,
          infiniplex_staircase_pool
Swamp:4:  swamp, uniq_louise
Spider:1: uniq_nikola
Spider:2: uniq_donald
Spider:3: cheibrodos_spider_deadly_dance, nicolae_spider_webbed_stairs,
          uniq_bai_suzhen
Spider:4: spider_rune_water, nicolae_orb_island
Orc:2:    st_orc_congregation, nicolae_orc_rich_vein
Vaults:1: nicolae_vaults_disjoint_gnomons, grunt_vaults_funnel,
          grunt_vaults_hallway_short, hangedman_vaults_stagger,
          vaults_room_pool, vaults_room_mumra_shop_pool,
          nicolae_vaults_little_squares_2, serial_shops, nicolae_shop_trees
Vaults:2: v_misc_25, v_pattern_2, v_misc_8, v_misc_33,
          nicolae_vaults_border_crossing, hangedman_vaults_snaps,
          nicolae_vaults_mini_display_case, v_alt_pattern_2,
          nicolae_vaults_hallways_thing, v_misc_25, vaults_dpeg_ring,
          ontoclasm_vaults_decontamination

Skill      XL: |  1  2  3  4  5  6  7  8  9 10 11 12 13 14 15 16 17 18 |
---------------+-------------------------------------------------------+-----
Fighting       | 4 5 7 8 9 10 11 13 14 15 16 17 19 | 19.3
Axes           | 4 5 6 7 8 10 12 13 15 17 18 19 20 22 | 22.4
Armour         | 3 4 5 6 7 8 9 10 11 12 13 | 13.8
Dodging        | 3 4 5 6 7 8 9 |  9.1
Stealth        | 1 2 3 4 |  4.0
Bows           | 5 8 11 12 14 16 17 18 19 | 19.2
Evocations     | |  0.1

Action                   |  1- 3 |  4- 6 |  7- 9 | 10-12 | 13-15 | 16-18 | 19-21 || total
-------------------------+-------+-------+-------+-------+-------+-------+-------++-------
Melee: Hand axe          |    62 |       |       |       |       |       |       ||    62
       Headbutt          |     9 |    13 |    60 |    70 |   123 |   130 |    17 ||   422
       War axe           |    17 |    81 |   186 |       |       |       |       ||   284
       Battleaxe         |       |       |    71 |   308 |   492 |   115 |       ||   986
       Longbow           |       |       |       |       |     2 |     5 |       ||     7
       Executioner's axe |       |       |       |       |       |   415 |    62 ||   477
 Fire: Shortbow          |       |       |     5 |    26 |       |       |       ||    31
       Longbow           |       |       |       |   256 |   703 |   914 |    17 ||  1890
Invok: Berserk           |       |       |     2 |     4 |     4 |     5 |       ||    15
       Burn Spellbooks   |       |       |     1 |     1 |     3 |     8 |       ||    13
       Brothers in Arms  |       |       |       |     1 |     4 |     3 |       ||     8
       Trog's Hand       |       |       |       |       |     1 |       |       ||     1
Evoke: Wand              |       |       |       |       |     1 |       |       ||     1
  Use: Scroll            |       |       |       |     9 |     6 |    30 |     3 ||    48
       Potion            |       |       |       |       |     2 |     1 |       ||     3
 Stab: Sleeping          |       |       |     1 |     1 |       |       |       ||     2
       Distracted        |       |       |       |       |     1 |       |       ||     1
       Paralysed         |       |       |       |       |     1 |       |       ||     1
  Eat: Chunk             |     1 |     5 |    14 |    24 |    45 |    39 |       ||   128
       Fruit             |       |       |       |     3 |     2 |     2 |       ||     7
       Royal jelly       |       |       |       |     2 |       |     2 |       ||     4
       Meat ration       |       |       |       |       |     1 |     2 |     1 ||     4
Armor: Ring mail         |    16 |    24 |    69 |    97 |   112 |       |       ||   318
       Chain mail        |       |       |       |       |    66 |   353 |    56 ||   475
Dodge: Dodged            |    55 |    33 |   131 |   253 |   391 |   566 |    66 ||  1495
Block: Other             |       |       |       |       |    52 |   120 |    16 ||   188
       Reflection        |       |       |       |       |     6 |     8 |     2 ||    16

Table legend:
 A = Spawn XP
 B = Non-spawn XP
 C = Spawn XP percentage of total XP
 D = Spawn monster count
 E = Non-spawn monster count
 F = Spawn count percentage of total count
 G = Total turns spent on level
                    A         B        C        D         E        F      G
               +---------+---------+-------+---------+---------+-------+---------
         Total |       0 |  397875 |   0.0 |       0 |    1384 |   0.0 | 45338
               +---------+---------+-------+---------+---------+-------+---------
           D:1 |       0 |      41 |   0.0 |       0 |      25 |   0.0 |  1045
           D:2 |       0 |     115 |   0.0 |       0 |      28 |   0.0 |   725
           D:3 |       0 |     340 |   0.0 |       0 |      27 |   0.0 |   937
           D:4 |       0 |     400 |   0.0 |       0 |      18 |   0.0 |  1041
           D:5 |       0 |     417 |   0.0 |       0 |      18 |   0.0 |   604
           D:6 |       0 |    1563 |   0.0 |       0 |      27 |   0.0 |   716
           D:7 |       0 |    1339 |   0.0 |       0 |      24 |   0.0 |   988
           D:8 |       0 |    2229 |   0.0 |       0 |      39 |   0.0 |  1050
           D:9 |       0 |    2060 |   0.0 |       0 |      53 |   0.0 |  1471
          D:10 |       0 |    7117 |   0.0 |       0 |      33 |   0.0 |  1122
          D:11 |       0 |    8004 |   0.0 |       0 |      57 |   0.0 |  2410
          D:12 |       0 |    3704 |   0.0 |       0 |      21 |   0.0 |   866
          D:13 |       0 |    5875 |   0.0 |       0 |      24 |   0.0 |  1149
          D:14 |       0 |   24353 |   0.0 |       0 |      72 |   0.0 |  1481
          D:15 |       0 |   13524 |   0.0 |       0 |      40 |   0.0 |  1212
        Lair:1 |       0 |    4470 |   0.0 |       0 |      18 |   0.0 |  1256
        Lair:2 |       0 |    7230 |   0.0 |       0 |      43 |   0.0 |  2016
        Lair:3 |       0 |    4273 |   0.0 |       0 |      12 |   0.0 |  1205
        Lair:4 |       0 |   16644 |   0.0 |       0 |      42 |   0.0 |  1903
        Lair:5 |       0 |   18826 |   0.0 |       0 |      48 |   0.0 |  2880
        Lair:6 |       0 |   20709 |   0.0 |       0 |      76 |   0.0 |  1812
       Swamp:1 |       0 |    6297 |   0.0 |       0 |      23 |   0.0 |   774
       Swamp:2 |       0 |    7750 |   0.0 |       0 |      15 |   0.0 |   852
       Swamp:3 |       0 |    9729 |   0.0 |       0 |      33 |   0.0 |  1557
       Swamp:4 |       0 |   28868 |   0.0 |       0 |      51 |   0.0 |  1483
      Spider:1 |       0 |   19032 |   0.0 |       0 |      50 |   0.0 |  1171
      Spider:2 |       0 |   15808 |   0.0 |       0 |      43 |   0.0 |  1034
      Spider:3 |       0 |   29547 |   0.0 |       0 |      67 |   0.0 |  1579
      Spider:4 |       0 |   39179 |   0.0 |       0 |      81 |   0.0 |  2587
         Orc:1 |       0 |    3356 |   0.0 |       0 |      31 |   0.0 |  1028
         Orc:2 |       0 |   14658 |   0.0 |       0 |     101 |   0.0 |  1788
      Vaults:1 |       0 |   31090 |   0.0 |       0 |      68 |   0.0 |  2548
      Vaults:2 |       0 |   49328 |   0.0 |       0 |      76 |   0.0 |  1048
               +---------+---------+-------+---------+---------+-------+---------
